 Dungeon Crawl Stone Soup version 0.30-a0-583-g19bae12e61 (webtiles) character file.

Game seed: 7568920944624155763

14 Citaku the Grasshopper (level 2, -4/21 HPs)
             Began as a Human Wanderer on Jan 1, 2023.
             Slain by a gnoll
             ... wielding a +4 spear
              (7 damage)
             ... on level 1 of the Dungeon.
             The game lasted 00:01:33 (453 turns).

Citaku the Grasshopper (Human Wanderer)              Turns: 453, Time: 00:01:34

Health: -4/21      AC:  7    Str: 14    XL:     2   Next: 55%
Magic:  3/3        EV:  9    Int: 13    God:
Gold:   33         SH:  0    Dex:  9    Spells: 2/3 levels left

rFire   . . .      SeeInvis .    d - +1 short sword (venom)
rCold   . . .      Faith    .    (no shield)
rNeg    . . .      Spirit   .    b - +0 scale mail
rPois   .          Reflect  .    (no helmet)
rElec   .          Harm     .    (no cloak)
rCorr   .          Rampage  .    (no gloves)
Will    .....                    e - +0 pair of boots Stlth
                                 (no amulet)
HPRegen 0.23/turn                (no ring)
MPRegen 0.08/turn                (no ring)

@: no status effects
A: no striking features
a: no special abilities


You were on level 1 of the Dungeon.
You visited 1 branch of the dungeon, and saw 1 of its levels.

You collected 33 gold pieces.

Inventory:

Hand Weapons
 d - a +1 short sword of venom (weapon)
Armour
 b - a +0 scale mail (worn)
 e - a +0 pair of boots (worn)
Magical Staves
 f - a staff of poison
Scrolls
 c - 3 scrolls of fog
Potions
 a - 2 potions of might


   Skills:
 + Level 1.0 Fighting
 + Level 0.2 Short Blades
 + Level 0.2 Maces & Flails
 + Level 0.5 Armour
 + Level 0.4 Dodging
 + Level 1.0 Stealth
 + Level 1.0 Spellcasting
 + Level 5.2 Translocations
 + Level 1.0 Poison Magic
 + Level 1.0 Invocations


You had 2 spell levels left.
You knew the following spells:

 Your Spells              Type           Power      Damage    Failure   Level
a - Apportation           Tloc           28%        N/A       14%         1

Your spell library contained the following spells:

 Spells                   Type           Power      Damage    Failure   Level
 Poisonous Vapours        Pois/Air       2%         N/A       83%         2
 Cigotuvi's Dreadful Rot  Necr/Pois/Air  2%         N/A       86%         2
 Gell's Gravitas          Tloc           14%        N/A       41%         3
 Manifold Assault         Tloc           14%        N/A       82%         4


Dungeon Overview and Level Annotations

Branches:
Dungeon (1/15)

Altars:


Message History

The endoplasm hits you.
You hit the endoplasm.
The endoplasm looks as sick as possible!
The endoplasm is almost dead.
You kill the endoplasm!
You start resting.
HP restored.
A hobgoblin comes into view.
A goblin comes into view. It is wielding a +0 club.
The goblin shouts!
A gnoll comes into view. It is wielding a +4 spear.
The gnoll shouts!
The hobgoblin barely misses you.
You hit the hobgoblin but do no damage.
The hobgoblin is poisoned.
The hobgoblin hits you but does no damage.
The goblin hits you but does no damage.
You hit the hobgoblin.
The hobgoblin is severely wounded.
The hobgoblin barely misses you. The goblin hits you with a +0 club.
You hit the hobgoblin but do no damage.
The hobgoblin looks as sick as possible!
The hobgoblin is almost dead.
You kill the hobgoblin!
The goblin hits you but does no damage. The goblin barely misses you.
The gnoll hits you from afar with a +4 spear!
You see here a hobgoblin corpse.
You closely miss the goblin. The goblin hits you but does no damage.
The gnoll hits you from afar with a +4 spear.
You closely miss the goblin. The goblin barely misses you.
The gnoll barely misses you.
You hit the goblin.
The goblin is poisoned.
The goblin is moderately wounded.
The goblin hits you but does no damage.
The gnoll hits you from afar with a +4 spear.
* * * LOW HITPOINT WARNING * * *
You hit the goblin.
You kill the goblin!
The gnoll hits you from afar with a +4 spear!
You die...

#########
#########........ ##
#................
##.###........@..#
##.#.##...#####)#.#
##.#.....†..## ..g.#
#............#.###.#
#..#.#....[....# ...
#..#.#.........# #.#
......†.....#.....
.#
#..##.##...##.##.. .
#..##.###### .# ..


You could see a gnoll.

Vanquished Creatures
  2 endoplasms (D:1)
  A goblin (D:1)
  A hobgoblin (D:1)
  A kobold (D:1)
  4 ball pythons (D:1)
  2 bats (D:1)
  2 frilled lizards (D:1)
  3 rats (D:1)
16 creatures vanquished.

Notes
Turn   | Place    | Note
-------+----------+-------------------------------------------
     0 | D:1      | Citaku the Human Wanderer began the quest for the Orb.
     0 | D:1      | Citaku set off with the following items: a +0 club, a +0
                  | leather armour, 2 scrolls of fog; and the following spell
                  | memorised: Apportation; and the following spells available
                  | to memorise: Gell's Gravitas, Poisonous Vapours, Manifold
                  | Assault, Cigotuvi's Dreadful Rot.
     0 | D:1      | Reached XP level 1. HP: 15/15 MP: 2/2
   203 | D:1      | Reached XP level 2. HP: 18/21 MP: 3/3
   453 | D:1      | Slain by a gnoll

Illustrated notes

Levels and vault maps discovered:
D:1:      dpeg_arrival_shelter, layout_loops_ring

Action                   || total
-------------------------++-------
Melee: Club              ||    14
       Short sword       ||    35
       Punch             ||     2
  Use: Scroll            ||     1
       Potion            ||     2
Armor: Leather armour    ||    14
       Scale mail        ||     7
Dodge: Dodged            ||    33

Table legend: (Time is in decaauts)
 A = Elapsed time spent in this place.
 B = Non-inter-level travel time spent in this place.
 C = Inter-level travel time spent in this place.
 D = Time resting spent in this place.
 E = Time spent auto-exploring this place.
 F = Levels seen in this place.
 G = Mean time per level.
                   A        B        C        D        E       F      G
               +--------+--------+--------+--------+--------+-----+--------+
         Total |    456 |    456 |      0 |    105 |     62 |   1 |  456.0 |
       Dungeon |    456 |    456 |      0 |    105 |     62 |   1 |  456.0 |
               +--------+--------+--------+--------+--------+-----+--------+

Top non-repeatable levels by time:
     D:1: 456 daAuts
